AoeStats
← Cambowarrior!

Arabia

508239763Analyzed
1v1 RM · 12d ago on Sep 21, 2026· 24m 52s· 2 players
Game mode
Random Map
Map size
Tiny (2 player)
Population
200
Speed
Normal
Resources
Standard
Victory
Conquest
Starting age
Dark Age
Ending age
Imperial Age
RankedLock teamsTeams togetherTeam positionsShared explorationLock speedFull tech treeHidden civsTurbo modeCheats
Victory
Defeat
🇦🇺 Malay · Australia
814
+17
🇨🇱 Saracens · Chile
846
-17
The Wonder
0:30 Loom
10:39 Feudal Age
19:15 Castle Age
17:37 Fletching
18:31 Crossbowman
20:57 Thumb Ring
21:58 Husbandry
Cambowarrior!
7:50 Loom
10:06 Feudal Age
17:28 Castle Age
Connection lost

Rejoining the realm…

Still unreachable

The connection could not be restored.

Session expired

The server has moved on; the page needs a fresh start.